Map: Inside and Out

Players

LiquidClem (Clem) - Winner!

  • Race: Terran Terran
  • League: Grandmaster
  • Spawn Location: 1:00

ForJumY

  • Race: Protoss Protoss
  • League: Grandmaster
  • Spawn Location: 7:00

Event: HomeStory Cup XXII

VOD

Have the link to the VOD?

Description

Time

  • Played on: Dec. 15, 2022, 5:38 a.m.
  • Length: 4:48

All games in this series

Show
View Real Time Build Order
Export as new Build Order

LiquidClem Terran - Winner!

Build Orders:  

Get SALT Encoding   

  12  0:00  SCV  
  13  0:12  SCV  
  14  0:16  Supply Depot  
  14  0:25  SCV  
  15  0:38  SCV  
  15  0:40  Barracks  
  16  0:44  Refinery  
  16  0:50  SCV  
  16  0:52  Refinery  
  17  1:02  SCV  
  18  1:14  SCV  
  19  1:27  Reaper, Orbital Command  
  20  1:39  Supply Depot  
  20  1:41  Factory  
  20  1:52  SCV  
  21  1:59  Barracks Reactor  
  21  2:04  SCV  
  22  2:18  Command Center  
  22  2:20  SCV  
  23  2:25  Hellion  
  25  2:35  Supply Depot, Reaper  
  25  2:36  Reaper  
  27  2:39  SCV  
  28  2:47  Hellion  
  30  2:51  SCV  
  31  3:01  Starport  
  31  3:04  SCV  
  32  3:07  Marine  
  32  3:08  Marine  
  32  3:10  Factory Tech Lab  
  34  3:22  SCV  
  34  3:25  Marine  
  34  3:26  Marine  
  37  3:30  Cyclone  
  37  3:34  SCV  
  41  3:41  Medivac  
  41  3:43  Marine  
  41  3:44  Marine  
  45  3:49  SCV  
  44  4:01  Marine  
  44  4:02  Marine  
  43  4:05  SCV, Orbital Command  
  43  4:10  Siege Tank  
  43  4:15  Viking  
  48  4:18  Supply Depot, SCV  
  48  4:19  Marine x2  
  51  4:30  SCV  
  52  4:34  SCV  
  54  4:42  Barracks  
  54  4:44  Barracks  
Show
View Real Time Build Order
Export as new Build Order

ForJumY Protoss 

Build Orders: 1 Gate Expand, Oracle Opening, Phoenix Opening 

Get SALT Encoding   

  12  0:00  Probe  
  13  0:12  Probe  
  14  0:17  Pylon  
  14  0:24  Probe  
  15  0:36  Probe (Chrono Boost)  
  15  0:37  Gateway  
  16  0:47  Probe (Chrono Boost), Assimilator  
  17  0:52  Probe (Chrono Boost)  
  18  1:02  Probe  
  19  1:15  Probe  
  20  1:24  Cybernetics Core  
  20  1:36  Nexus  
  20  1:44  Probe, Pylon  
  21  1:51  Assimilator  
  21  1:56  Probe  
  21  2:00  Adept (Chrono Boost)  
  24  2:08  Probe  
  25  2:17  Stargate  
  25  2:20  Probe  
  26  2:24  Adept (Chrono Boost)  
  28  2:31  Warp Gate  
  28  2:33  Probe  
  29  2:47  Probe (Chrono Boost)  
  29  2:49  Adept  
  29  2:50  Probe (Chrono Boost)  
  33  2:57  Probe (Chrono Boost)  
  35  3:00  Probe (Chrono Boost)  
  35  3:02  Probe (Chrono Boost)  
  38  3:09  Probe  
  39  3:14  Oracle (Chrono Boost), Probe, Gateway  
  41  3:22  Probe  
  41  3:26  Probe  
  41  3:32  Pylon  
  41  3:34  Probe  
  40  3:42  Probe  
  40  3:46  Phoenix  
  38  3:52  Probe  
  38  3:54  Probe  
  33  4:05  Probe (Chrono Boost)  
  33  4:06  Probe (Chrono Boost)  
  33  4:18  Probe (Chrono Boost)  
  33  4:19  Stalker  
  33  4:22  Robotics Facility, Probe (Chrono Boost)  
  33  4:23  Adept  
  38  4:25  Probe (Chrono Boost)  
  38  4:28  Probe (Chrono Boost)  
  39  4:33  Probe  
Tags
 
Add a new tag
Caveats
  • Supply blocks, unpowered buildings, or Contaminate may cause inaccurate times.
  • Supply counts are checked every 10 seconds.